 Dungeon Crawl Stone Soup version 0.29-a0-653-gd47aff6735 (webtiles) character file.

Game seed: 7186715439750897308

46 nobbins the Conjurer (level 3, -4/26 HPs)
             Began as a Draconian Conjurer on June 22, 2022.
             Was a Believer of Zin.
             Killed from afar by an orc wizard (7 damage)
             ... with a magic dart
             ... on level 2 of the Dungeon.
             The game lasted 00:05:23 (1389 turns).

nobbins the Conjurer (Draconian Conjurer)           Turns: 1389, Time: 00:05:23

Health: -4/26      AC:  5    Str:  9    XL:     3   Next: 44%
Magic:  1/6        EV: 12    Int: 20    God:    Zin [**....]
Gold:   65         SH:  0    Dex:  9    Spells: 2/6 levels left

rFire   . . .      SeeInvis .   g - +0 hand axe
rCold   . . .      Faith    .   (no shield)
rNeg    . . .      Spirit   .   (body armour unavailable)
rPois   .          Reflect  .   (helmet restricted)
rElec   .          Harm     .   (no cloak)
rCorr   .          Rampage  .   (no gloves)
Will    .....                   (no boots)
Stlth   +.........              (no amulet)
HPRegen 0.08/turn               (no ring)
MPRegen 0.10/turn               (no ring)

@: confused
A: AC +5, unfitting armour, cold-blooded
a: Renounce Religion, Recite, Vitalisation, Donate Gold


You were on level 2 of the Dungeon.
You worshipped Zin.
Zin was pleased with you.
You visited 1 branch of the dungeon, and saw 2 of its levels.

You collected 72 gold pieces.
You donated 7 gold pieces to Zin.

Inventory:

Hand Weapons
 g - a +0 hand axe (weapon)
Jewellery
 c - an amulet of the acrobat
Scrolls
 d - a scroll of enchant weapon
 h - a scroll of poison
 i - a scroll of magic mapping
 j - a scroll of noise
Potions
 a - a potion of magic
 b - a potion of resistance {unknown}
 e - 2 potions of curing {unknown}
 f - a potion of flight {unknown}
 k - a potion of lignification {unknown}


   Skills:
 + Level 1.9 Dodging
 + Level 2.0 Stealth
 + Level 2.4 Spellcasting
 + Level 4.6 Conjurations
 + Level 0.8 Summonings


You had 2 spell levels left.
You knew the following spells:

 Your Spells              Type           Power      Damage    Failure   Level
a - Magic Dart            Conj           84%        1d7       2%          1
b - Searing Ray           Conj           42%        2d6       3%          2
c - Summon Small Mammal   Summ           20%        N/A       11%         1

Your spell library contained the following spells:

 Spells                   Type           Power      Damage    Failure   Level
 Dazzling Flash           Conj/Hex       22%        N/A       17%         3
 Call Canine Familiar     Summ           5%         N/A       32%         3
 Summon Guardian Golem    Hex/Summ       4%         N/A       36%         3
 Fulminant Prism          Conj/Hex       5%         3d7       50%         4
 Iskenderun's Mystic Bla  Conj/Tloc      11%        2d4       50%         4


Dungeon Overview and Level Annotations

Branches:
Dungeon (2/15)

Altars:
Zin


Innate Abilities, Weirdness & Mutations

Your plain brown scales are hard. (AC +5)
You cannot fit into any form of body armour.
You are cold-blooded and may be slowed by cold attacks.


Message History

Casting: Magic Dart (safe; 2% risk of failure)
Confirm with . or Enter, or press ? or * to list all spells.
Aiming: Searing Ray (safe; 3% risk of failure)
Press: ? - help, Shift-Dir - straight line, f - orc wizard
Aim: an orc wizard, wielding a +0 dagger and wearing a +0 robe (72% to hit)
The searing ray hits the orc wizard!
The orc wizard is heavily wounded. (Press . to maintain the ray.) Without enough magic to sustain it, your searing ray dissipates.
You barely miss the orc wizard.
The orc wizard is heavily wounded.
The orc wizard hits you but does no damage. x2
You hit the orc wizard but do no damage.
The orc wizard is heavily wounded.
The orc wizard closely misses you.
You barely miss the orc wizard.
The orc wizard is heavily wounded.
The orc wizard gestures at you while chanting.
The puff of flame misses you.
You hit the orc wizard.
The orc wizard is severely wounded.
The orc wizard casts a spell at you.
You are confused.
The orc wizard closely misses you.
The orc wizard gestures at you while chanting.
The puff of flame hits you!
You're too confused to cast spells.
You're too confused to cast spells.
The orc wizard misses you. The orc wizard casts a spell at you.
The puff of flame hits you but does no damage.
The orc wizard gestures at you while chanting.
The magic dart hits you!
* * * LOW HITPOINT WARNING * * *
The orc wizard attacks as you move away!
The orc wizard hits you with a +0 dagger.
* * * LOW HITPOINT WARNING * * *
The orc wizard casts a spell at you. The magic dart hits you!
You die...

..#............#.........
..#.........#####.#######
###.........# #...
#.........# #..#
#.........# #..#
...........## #..#
####........# ##.##
#........#####..#
#..>........@.#.######
+.............o........
#.............#..###...
###+###########.)# .#.# +
.# .. ..# .#


You could see an orc wizard.

Vanquished Creatures
  An adder (D:2)
  An orc (D:2)
  6 ball pythons
  5 endoplasms
  3 goblins
  3 hobgoblins (D:1)
  2 jackals (D:2)
  A kobold (D:2)
  A quokka (D:2)
  6 bats
  A frilled lizard (D:1)
  A rat (D:1)
31 creatures vanquished.

Vanquished Creatures (collateral kills)
  An orc (D:2)
1 creature vanquished.

Grand Total: 32 creatures vanquished

Notes
Turn   | Place    | Note
-------+----------+-------------------------------------------
     0 | D:1      | nobbins the Draconian Conjurer began the quest for the Orb.
     0 | D:1      | Reached XP level 1. HP: 14/14 MP: 3/3
   338 | D:1      | Found a faded altar of an unknown god.
   410 | D:1      | Reached XP level 2. HP: 20/20 MP: 1/5
   791 | D:1      | Prayed at the altar of an unknown god.
   791 | D:1      | Became a worshipper of Zin the Law-Giver
   791 | D:1      | Reached * piety under Zin
   844 | D:1      | Reached ** piety under Zin
   977 | D:2      | Learned a level 2 spell: Searing Ray
   979 | D:2      | Learned a level 1 spell: Summon Small Mammal
  1190 | D:2      | Reached XP level 3. HP: 26/26 MP: 2/6
  1389 | D:2      | Killed from afar by an orc wizard

Illustrated notes

Levels and vault maps discovered:
D:1:      minmay_arrival_hallway, layout_loops_ring,
          chequers_ecumenical_altar_island
D:2:      layout_basic, basic_altar

Skill      XL: |  1  2  3 |
---------------+----------+-----
Stealth        | 2 |  2.0
Dodging        | |  1.9
Spellcasting   | |  2.4
Conjurations   | |  4.6
Summonings     | |  0.8

Action                   || total
-------------------------++-------
Melee: Unarmed           ||     6
       Hand axe          ||    18
 Cast: Magic Dart        ||    48
       Summon Small Mamm ||     5
       Searing Ray       ||     1
  Use: Scroll            ||     4
Armor: Skin              ||    14
Dodge: Dodged            ||    24

Table legend: (Time is in decaauts)
 A = Elapsed time spent in this place.
 B = Non-inter-level travel time spent in this place.
 C = Inter-level travel time spent in this place.
 D = Time resting spent in this place.
 E = Time spent auto-exploring this place.
 F = Levels seen in this place.
 G = Mean time per level.
                   A        B        C        D        E       F      G
               +--------+--------+--------+--------+--------+-----+--------+
         Total |   1405 |   1405 |      0 |      0 |   1101 |   2 |  702.5 |
       Dungeon |   1405 |   1405 |      0 |      0 |   1101 |   2 |  702.5 |
               +--------+--------+--------+--------+--------+-----+--------+

Top non-repeatable levels by time:
     D:1: 984 daAuts
     D:2: 420 daAuts
